 Dungeon Crawl Stone Soup version 0.17-a0-1882-g750edc8 (webtiles) character file.

308 Goblin1989 the Martial Artist (level 6, -3/51 HPs)
             Began as a Minotaur Monk on Sept 23, 2015.
             Killed by divine providence
             ... invoked by an orc priest
              (12 damage)
             ... on level 4 of the Dungeon.
             The game lasted 00:11:00 (3128 turns).

Goblin1989 the Martial Artist (Minotaur Monk)       Turns: 3128, Time: 00:11:00

Health: -3/51      AC:  2    Str: 15    XL:     6   Next: 17%
Magic:  5/5        EV: 13    Int:  7    God:
Gold:   63         SH:  0    Dex: 15    Spells: 0 memorised, 5 levels left

rFire  . . .     SeeInvis .       - Unarmed
rCold  . . .     Clarity  .     a - +0 robe
rNeg   . . .     SustAt   .     (no shield)
rPois  .         Gourm    .     (helmet restricted)
rElec  .         Spirit   .     (no cloak)
rCorr  .         Warding  .     (no gloves)
rMut   .         Stasis   .     (no boots)
MR     .....                    j - amulet of rage
Stlth  ++........               (no ring)
                                p - +1 ring of slaying

@: not resistant to hostile enchantments, unstealthy
A: retaliatory headbutt, horns 2
a: Evoke Berserk Rage


You were on level 4 of the Dungeon.
You were not hungry.

You visited 1 branch of the dungeon, and saw 4 of its levels.

You collected 63 gold pieces.

Inventory:

Armour
 a - a +0 robe (worn)
Jewellery
 j - an amulet of rage (around neck)
 p - a +1 ring of slaying (left hand)
Scrolls
 c - a scroll of noise {unknown}
 d - 4 scrolls of identify {unknown}
 f - a scroll of fog {unknown}
 h - a scroll of enchant armour {unknown}
 i - a scroll of amnesia {unknown}
 l - a scroll of fear {unknown}
 r - a scroll of teleportation {unknown}
 s - a scroll of remove curse {unknown}
 t - a scroll of magic mapping {unknown}
Potions
 e - a potion of lignification {unknown}
 g - a potion of might {unknown}
 k - 3 potions of curing {unknown}
 n - a potion of flight {unknown}
 o - a potion of magic {unknown}
Comestibles
 b - 3 bread rations
 m - a beef jerky
 q - 2 meat rations
 u - 2 chunks of flesh
 v - a fruit


   Skills:
 - Level 3.6 Fighting
 - Level 3.2 Dodging
 - Level 1.5 Stealth
 + Level 8.2 Unarmed Combat


You had 5 spell levels left.
You didn't know any spells.

Dungeon Overview and Level Annotations

Branches:
Dungeon (4/15)
 Temple: D:4-7

Altars:
Xom


Innate Abilities, Weirdness & Mutations

You reflexively headbutt those who attack you in melee.
You have a pair of horns on your head.


Message History

The orc wizard is lightly wounded.
The orc priest calls down the wrath of Beogh upon you.
Something smites you! The orc wizard misses you.
You miss the orc wizard. You headbutt the orc wizard!
The orc wizard is severely wounded.
The orc priest casts a cantrip, but nothing happens.
The orc wizard points at you and mumbles some strange words.
The puff of flame hits you!
You hit the orc wizard but do no damage.
You headbutt the orc wizard.
You kill the orc wizard!
The orc priest mumbles some strange prayers to Beogh against you.
Something smites you!
The orc priest casts a cantrip, but nothing happens.
The orc priest mumbles some strange prayers to Beogh against you.
Something smites you!
* * * LOW HITPOINT WARNING * * *
The orc priest invokes the aid of Beogh against you.
Something smites you!
You die...

..................##.......##...'
...................#............#
...................+............#
..###...##.####...##..........>.#
..###...##.####...##............#
..)................+............#
...................#............#
..........o.......####+######...#
#.#####+###+####@##.........#...#
#+ ....................#...#
....................#....
....................#....
....................+....
...................†#+###
..##################..... .
#.>... #.....


You could see an orc priest.

Vanquished Creatures
  4 crimson imps (D:3)
  An orc wizard (D:4)
  A worker ant (D:4)
  5 adders
  7 worms
  2 giant geckos (D:1)
  6 hobgoblins
  7 jackals
  10 kobolds
  A ball python (D:3)
  5 bats
  5 giant cockroaches
  7 giant newts
  9 goblins
  8 rats
78 creatures vanquished.

Notes
Turn   | Place    | Note
--------------------------------------------------------------
     0 | D:1      | Goblin1989 the Minotaur Monk began the quest for the Orb.
     0 | D:1      | Reached XP level 1. HP: 19/19 MP: 0/0
   187 | D:1      | Reached XP level 2. HP: 26/26 MP: 1/1
   265 | D:1      | Reached skill level 5 in Unarmed Combat
  1016 | D:2      | Reached XP level 3. HP: 28/31 MP: 2/2
  1374 | D:2      | Reached skill level 6 in Unarmed Combat
  1710 | D:2      | Reached XP level 4. HP: 27/39 MP: 3/3
  2398 | D:3      | Found a shimmering altar of Xom.
  2419 | D:3      | Reached skill level 7 in Unarmed Combat
  2419 | D:3      | Reached XP level 5. HP: 36/45 MP: 4/4
  2974 | D:4      | Reached skill level 8 in Unarmed Combat
  2974 | D:4      | Reached XP level 6. HP: 38/51 MP: 5/5
  3128 | D:4      | Killed from afar by an orc priest

Vault maps used:
D:1:      dpeg_arrival_solitude
D:2:      first_bread
D:3:      led_xom_imps
D:4:      minivault_11, hangedman_decor_riveting

Action                   |  1- 3 |  4- 6 || total
-------------------------+-------+-------++-------
Melee: Unarmed           |    90 |   110 ||   200
 Stab: Sleeping          |     5 |     4 ||     9
       Distracted        |       |     1 ||     1
  Eat: Chunk             |     2 |     5 ||     7
